TOP OF THE 1ST |
Spokane Indians batting - Pitching for Lowell Spinners : RHP Josh Graham
|
Pitching: RHP Josh Graham
|
|
Batting: RHB Dennis Daniels
|
0-0: Ball 1-0: Called Strike 1-1: DOUBLE (Flyball, 78XD, EV 103.8 MPH)
|
Batting: LHB Ben Radach
|
0-0: SINGLE (Line Drive, 78M, EV 108.1 MPH) Dennis Daniels to third
|
Batting: LHB Gabriel Graves
|
0-0: Ball 1-0: Ball 2-0: Called Strike 2-1: Ball 3-1: Base on Balls Ben Radach to second
|
Batting: SHB David Simpson
|
0-0: Grounds into fielders choice 1-2 (Groundball, P, EV 68.8 MPH) Ben Radach to third Gabriel Graves to second
|
Batting: RHB Gavin Fimple
|
0-0: Ball 1-0: Swinging Strike 1-1: Swinging Strike 1-2: DOUBLE (Line Drive, 7LD, EV 106.2 MPH) Ben Radach scores Gabriel Graves scores David Simpson to third
|
Batting: RHB Zi-jing Wang
|
0-0: Ground out 5-3 (Groundball, 56, EV 89.4 MPH) David Simpson scores
|
Batting: RHB Brandon Davis
|
0-0: SINGLE (Line Drive, 6MD, EV 101.9 MPH) Gavin Fimple to third Runner from 3rd tries for Home, SAFE, throw by CF to home Brandon Davis to second
|
Batting: RHB Salvador Caldera
|
0-0: Ball 1-0: Foul Ball, location: 2F 1-1: SINGLE (Groundball, 25, EV 65.0 MPH) (infield hit) Brandon Davis to third
|
Pinch Runner at 1st Matt Strong:
|
|
Batting: RHB Tim Seggerman
|
0-0: Swinging Strike 0-1: Ball 1-1: Called Strike 1-2: Foul Ball, location: 2F 1-2: Fly out, F9 (Flyball, 89M, EV 93.1 MPH)
|
Top of the 1st over - 4 runs, 5 hits, 0 errors, 2 left on base; Spokane 4 - Lowell 0 |
BOTTOM OF THE 1ST |
Lowell Spinners batting - Pitching for Spokane Indians : RHP Erik Sever
|
Pitching: RHP Erik Sever
|
|
Now in RF: Matt Strong
|
|
Batting: RHB Nick Cottrell
|
0-0: Ball 1-0: Foul Ball, location: 2F 1-1: SINGLE (Groundball, 6MS, EV 68.8 MPH) (infield hit)
|
Batting: RHB William Lung
|
0-0: Called Strike Nick Cottrell steals 2nd base (no throw) 0-1: Ball 1-1: Swinging Strike 1-2: Ball 2-2: Foul Ball, location: 2F 2-2: Ball 3-2: Base on Balls
|
Batting: LHB Nelis Geurts
|
0-0: Ball 1-0: Ball 2-0: Foul Ball, location: 2F 2-1: Foul Ball, location: 2F 2-2: Foul Ball, location: 2F 2-2: Ball 3-2: Base on Balls Nick Cottrell to third William Lung to second
|
Batting: RHB Matt Hinkle
|
0-0: Foul Ball, location: 2F 0-1: Ball 1-1: Foul Ball, location: 2F 1-2: Strikes out swinging
|
Batting: LHB Danny Montoya
|
0-0: Foul Ball, location: 2F 0-1: Ball 1-1: Foul Ball, location: 2F 1-2: Fly out, F6 (Flyball, 6D, EV 88.8 MPH)
|
Batting: RHB Billy Ratz
|
0-0: Ball 1-0: Foul Ball, location: 2F 1-1: DOUBLE (Line Drive, 8RXD, EV 109.4 MPH) Nick Cottrell scores William Lung scores Nelis Geurts to third Runner from 3rd tries for Home, SAFE, throw by CF to home
|
Batting: RHB Josh Helman
|
0-0: Ball 1-0: Ball 2-0: Called Strike 2-1: SINGLE (Groundball, 34D, EV 101.2 MPH) Billy Ratz to third Runner from 3rd tries for Home, SAFE, throw by RF to home
|
Batting: RHB Ted Emmerich
|
0-0: Called Strike 0-1: Foul Ball, location: 2F 0-2: Strikes out looking
|
Bottom of the 1st over - 4 runs, 3 hits, 0 errors, 1 left on base; Spokane 4 - Lowell 4 |
TOP OF THE 2ND |
Spokane Indians batting - Pitching for Lowell Spinners : RHP Josh Graham
|
Batting: RHB Dennis Daniels
|
0-0: Called Strike 0-1: Ball 1-1: TRIPLE (Line Drive, 78XD, EV 109.4 MPH)
|
Batting: LHB Ben Radach
|
0-0: SINGLE (Line Drive, 8LM, EV 88.1 MPH) Dennis Daniels scores
|
Batting: LHB Gabriel Graves
|
0-0: Ball 1-0: Fly out, F2 (Popup, 13S, EV 85.6 MPH)
|
Batting: SHB David Simpson
|
0-0: Called Strike 0-1: Ball 1-1: Ball 2-1: Ball 3-1: Base on Balls Ben Radach to second
|
Pitching: RHP Larry Cassano
|
|
Batting: RHB Gavin Fimple
|
0-0: Ball 1-0: Ball 2-0: Fly out, F9 (Flyball, 9, EV 91.2 MPH)
|
Batting: RHB Zi-jing Wang
|
0-0: Foul Ball, location: 2F 0-1: Ground out U3 (Groundball, 34S, EV 72.5 MPH)
|
Top of the 2nd over - 1 run, 2 hits, 0 errors, 2 left on base; Spokane 5 - Lowell 4 |
BOTTOM OF THE 2ND |
Lowell Spinners batting - Pitching for Spokane Indians : RHP Erik Sever
|
Batting: RHB Erik Nunez
|
0-0: Called Strike 0-1: Ground out 6-3 (Groundball, 6, EV 90.0 MPH)
|
Batting: RHB Nick Cottrell
|
0-0: Foul Ball, location: 2F 0-1: Fly out, F9 (Flyball, 89S, EV 83.1 MPH)
|
Batting: RHB William Lung
|
0-0: Called Strike 0-1: Ball 1-1: Called Strike 1-2: Strikes out looking
|
Bottom of the 2nd over - 0 runs, 0 hits, 0 errors, 0 left on base; Spokane 5 - Lowell 4 |
TOP OF THE 3RD |
Spokane Indians batting - Pitching for Lowell Spinners : RHP Larry Cassano
|
Batting: RHB Brandon Davis
|
0-0: Called Strike 0-1: Swinging Strike 0-2: Ball 1-2: Fly out, F7 (Flyball, 78XD, EV 105.6 MPH)
|
Batting: RHB Matt Strong
|
0-0: Swinging Strike 0-1: Ball 1-1: Ball 2-1: Ball 3-1: Base on Balls
|
Batting: RHB Tim Seggerman
|
0-0: Ball Matt Strong steals 2nd, throwing error, E2 Matt Strong to third 1-0: Ball 2-0: Fly out, F7 (Flyball, 7LD, EV 87.5 MPH) Runner from 3rd tags up, SCORES, no throw by LF
|
Batting: RHB Dennis Daniels
|
0-0: Swinging Strike 0-1: SINGLE (Groundball, 5S, EV 70.6 MPH) (infield hit)
|
Batting: LHB Ben Radach
|
0-0: Ball Dennis Daniels steals 2nd base 1-0: Called Strike 1-1: Swinging Strike 1-2: Foul Ball, location: 2F 1-2: Strikes out swinging
|
Top of the 3rd over - 1 run, 1 hit, 1 error, 1 left on base; Spokane 6 - Lowell 4 |
BOTTOM OF THE 3RD |
Lowell Spinners batting - Pitching for Spokane Indians : RHP Erik Sever
|
Batting: LHB Nelis Geurts
|
0-0: Ball 1-0: Called Strike 1-1: Ball 2-1: Fly out, F5 (Popup, 5SF, EV 83.1 MPH)
|
Batting: RHB Matt Hinkle
|
0-0: Called Strike 0-1: Called Strike 0-2: Ball 1-2: Foul Ball, location: 2F 1-2: Ground out 6-3 (Groundball, 6, EV 87.5 MPH)
|
Batting: LHB Danny Montoya
|
0-0: Called Strike 0-1: Called Strike 0-2: Strikes out swinging
|
Bottom of the 3rd over - 0 runs, 0 hits, 0 errors, 0 left on base; Spokane 6 - Lowell 4 |
TOP OF THE 4TH |
Spokane Indians batting - Pitching for Lowell Spinners : RHP Larry Cassano
|
Batting: LHB Gabriel Graves
|
0-0: Swinging Strike 0-1: SINGLE (Line Drive, 78S, EV 90.6 MPH)
|
Batting: SHB David Simpson
|
0-0: Called Strike Gabriel Graves steals 2nd base 0-1: Ball 1-1: Foul Ball, location: 2F 1-2: Foul Ball, location: 2F 1-2: Ball 2-2: Ball 3-2: Foul Ball, location: 2F 3-2: Foul Ball, location: 2F 3-2: Foul Ball, location: 2F 3-2: 2-RUN HOME RUN (Flyball, 9LD, EV 91.2 MPH), Distance : 339 ft
|
Pitching: RHP Jose Abanto
|
|
Batting: RHB Gavin Fimple
|
0-0: Ball 1-0: Called Strike 1-1: Ball 2-1: Swinging Strike 2-2: Strikes out swinging
|
Batting: RHB Zi-jing Wang
|
0-0: Ground out 1-3 (Groundball, 15S, EV 73.1 MPH)
|
Batting: RHB Brandon Davis
|
0-0: Called Strike 0-1: Called Strike 0-2: Ball 1-2: TRIPLE (Flyball, 89XD, EV 96.2 MPH)
|
Batting: RHB Matt Strong
|
0-0: Swinging Strike 0-1: Foul Ball, location: 2F 0-2: Ball 1-2: Foul Ball, location: 2F 1-2: Foul Ball, location: 2F 1-2: Foul Ball, location: 2F 1-2: Ground out 5-3 (Groundball, 56S, EV 71.9 MPH)
|
Top of the 4th over - 2 runs, 3 hits, 0 errors, 1 left on base; Spokane 8 - Lowell 4 |
BOTTOM OF THE 4TH |
Lowell Spinners batting - Pitching for Spokane Indians : RHP Erik Sever
|
Batting: RHB Billy Ratz
|
0-0: Ball 1-0: Ball 2-0: Ball 3-0: Base on Balls
|
Batting: RHB Josh Helman
|
0-0: Fly out, F8 (Line Drive, 8LD, EV 85.6 MPH)
|
Batting: RHB Ted Emmerich
|
0-0: SINGLE (Groundball, 6D, EV 105.0 MPH) Billy Ratz to second
|
Batting: RHB Erik Nunez
|
0-0: Called Strike 0-1: Called Strike 0-2: Foul Ball, location: 2F 0-2: Foul Ball, location: 2F 0-2: Foul Ball, location: 2F 0-2: Ball Wild Pitch! Billy Ratz to third Ted Emmerich to second 1-2: Foul Ball, location: 2F 1-2: Ball 2-2: Strikes out swinging
|
Batting: RHB Nick Cottrell
|
0-0: Ball 1-0: Ground out 4-3 (Groundball, 4, EV 84.4 MPH)
|
Bottom of the 4th over - 0 runs, 1 hit, 0 errors, 2 left on base; Spokane 8 - Lowell 4 |
TOP OF THE 5TH |
Spokane Indians batting - Pitching for Lowell Spinners : RHP Jose Abanto
|
Batting: RHB Tim Seggerman
|
0-0: Foul Ball, location: 2F 0-1: Foul Ball, location: 2F 0-2: Foul Ball, location: 2F 0-2: Foul Ball, location: 2F 0-2: Ball 1-2: Ball 2-2: Foul Ball, location: 2F 2-2: Foul Ball, location: 2F 2-2: Foul Ball, location: 2F 2-2: Foul Ball, location: 2F 2-2: Foul Ball, location: 2F 2-2: Foul Ball, location: 2F 2-2: Ground out 4-3 (Groundball, 4S, EV 68.1 MPH)
|
Batting: RHB Dennis Daniels
|
0-0: Foul Ball, location: 2F 0-1: Ground out U3 (Groundball, 34S, EV 83.1 MPH)
|
Batting: LHB Ben Radach
|
0-0: Ball 1-0: Ball 2-0: Ball 3-0: Called Strike 3-1: Foul Ball, location: 2F 3-2: Fly out, F7 (Line Drive, 7S, EV 92.5 MPH)
|
Top of the 5th over - 0 runs, 0 hits, 0 errors, 0 left on base; Spokane 8 - Lowell 4 |
BOTTOM OF THE 5TH |
Lowell Spinners batting - Pitching for Spokane Indians : RHP Erik Sever
|
Batting: RHB William Lung
|
0-0: Called Strike 0-1: Ball 1-1: DOUBLE (Groundball, 5L, EV 103.8 MPH)
|
Batting: LHB Nelis Geurts
|
0-0: Called Strike 0-1: Ball 1-1: Ball 2-1: Foul Ball, location: 2F 2-2: Ball 3-2: DOUBLE (Line Drive, 7LS, EV 109.4 MPH) William Lung scores
|
Batting: RHB Matt Hinkle
|
0-0: Called Strike 0-1: Ball 1-1: Foul Ball, location: 2F 1-2: Ball 2-2: Ball 3-2: Foul Ball, location: 2F 3-2: Strikes out swinging
|
Batting: LHB Danny Montoya
|
0-0: Foul Ball, location: 2F 0-1: Ball 1-1: Ball 2-1: DOUBLE (Flyball, 7LD, EV 90.0 MPH) Nelis Geurts scores
|
Pitching: RHP Jason Barlow
|
|
Batting: RHB Billy Ratz
|
0-0: Fly out, F7 (Flyball, 7LM, EV 106.2 MPH)
|
Batting: RHB Josh Helman
|
0-0: Foul Ball, location: 2F 0-1: Ball 1-1: Ground out 6-3 (Groundball, 6, EV 82.5 MPH)
|
Bottom of the 5th over - 2 runs, 3 hits, 0 errors, 1 left on base; Spokane 8 - Lowell 6 |
TOP OF THE 6TH |
Spokane Indians batting - Pitching for Lowell Spinners : RHP Jose Abanto
|
Pitching: RHP Bryan Paiva
|
|
Batting: LHB Gabriel Graves
|
0-0: SINGLE (Flyball, 7LS, EV 91.2 MPH)
|
Batting: SHB David Simpson
|
0-0: Called Strike 0-1: Ball Wild Pitch! Gabriel Graves to second 1-1: Ball 2-1: Ball 3-1: Foul Ball, location: 2F 3-2: Ground out 6-3 (Groundball, 6, EV 90.6 MPH) Gabriel Graves to third
|
Batting: RHB Gavin Fimple
|
0-0: Called Strike 0-1: Foul Ball, location: 2F 0-2: Strikes out swinging
|
Batting: RHB Zi-jing Wang
|
0-0: Ball 1-0: Ball 2-0: Ball 3-0: Called Strike 3-1: Called Strike 3-2: DOUBLE (Line Drive, 9LS, EV 113.8 MPH) Gabriel Graves scores
|
Batting: RHB Brandon Davis
|
0-0: Ball 1-0: Ball 2-0: Foul Ball, location: 2F 2-1: DOUBLE (Flyball, 78D, EV 93.8 MPH) Zi-jing Wang scores
|
Batting: RHB Matt Strong
|
0-0: Ball 1-0: Ball 2-0: Fly out, F8 (Flyball, 8LD, EV 109.4 MPH)
|
Top of the 6th over - 2 runs, 3 hits, 0 errors, 1 left on base; Spokane 10 - Lowell 6 |
BOTTOM OF THE 6TH |
Lowell Spinners batting - Pitching for Spokane Indians : RHP Jason Barlow
|
Batting: RHB Ted Emmerich
|
0-0: Ball 1-0: Ball 2-0: Ball 3-0: Base on Balls
|
Batting: RHB Erik Nunez
|
0-0: Called Strike 0-1: Swinging Strike 0-2: Ball 1-2: Strikes out swinging
|
Batting: RHB Nick Cottrell
|
0-0: Called Strike 0-1: Ball 1-1: Ball 2-1: Swinging Strike 2-2: Ball 3-2: Foul Ball, location: 2F 3-2: Base on Balls Ted Emmerich to second
|
Batting: RHB William Lung
|
0-0: Fly out, F8 (Flyball, 78XD, EV 106.9 MPH)
|
Batting: LHB Nelis Geurts
|
0-0: Ball 1-0: Ball 2-0: Ball 3-0: Called Strike 3-1: Swinging Strike 3-2: Strikes out swinging
|
Bottom of the 6th over - 0 runs, 0 hits, 0 errors, 2 left on base; Spokane 10 - Lowell 6 |
TOP OF THE 7TH |
Spokane Indians batting - Pitching for Lowell Spinners : RHP Bryan Paiva
|
Pinch Hitting: LHB Alfonso Collazo
|
0-0: Called Strike 0-1: Swinging Strike 0-2: Ground out 4-3 (Groundball, 34, EV 106.2 MPH)
|
Batting: RHB Dennis Daniels
|
0-0: Called Strike 0-1: Fly out, F7 (Line Drive, 7D, EV 90.6 MPH)
|
Batting: LHB Ben Radach
|
0-0: Ball 1-0: Ball 2-0: Ball 3-0: Base on Balls
|
Batting: LHB Gabriel Graves
|
0-0: Fly out, F8 (Flyball, 8LM, EV 91.9 MPH)
|
Top of the 7th over - 0 runs, 0 hits, 0 errors, 1 left on base; Spokane 10 - Lowell 6 |
BOTTOM OF THE 7TH |
Lowell Spinners batting - Pitching for Spokane Indians : RHP Jason Barlow
|
Now at 2B: Knud Prins
|
|
Now at 3B: Justin Aslinger
|
|
Batting: RHB Matt Hinkle
|
0-0: Hit by Pitch
|
Batting: LHB Danny Montoya
|
0-0: Foul Ball, location: 2F 0-1: Ball Matt Hinkle steals 2nd base (no throw) 1-1: Ball 2-1: Ball 3-1: Called Strike 3-2: Foul Ball, location: 2F 3-2: Foul Ball, location: 2F 3-2: SINGLE (Groundball, 4MD, EV 96.2 MPH) Matt Hinkle to third Runner from 3rd tries for Home, SAFE, throw by CF to home Danny Montoya to second
|
Batting: RHB Billy Ratz
|
0-0: Foul Ball, location: 2F 0-1: Ball 1-1: Ball 2-1: Swinging Strike 2-2: Strikes out looking
|
Batting: RHB Josh Helman
|
0-0: Called Strike 0-1: DOUBLE (Line Drive, 8LXD, EV 105.0 MPH) Danny Montoya scores
|
Batting: RHB Ted Emmerich
|
0-0: Foul Ball, location: 2F 0-1: Ball 1-1: Ball 2-1: Ball 3-1: Called Strike 3-2: SINGLE (Groundball, 5L, EV 85.0 MPH) (infield hit) Josh Helman to third
|
Pinch Hitting: SHB Eric Evans
|
0-0: Foul Ball, location: 2F 0-1: Swinging Strike 0-2: Strikes out swinging
|
Batting: RHB Nick Cottrell
|
0-0: Ball 1-0: Swinging Strike 1-1: Foul Ball, location: 2F 1-2: Strikes out looking
|
Bottom of the 7th over - 2 runs, 3 hits, 0 errors, 2 left on base; Spokane 10 - Lowell 8 |
TOP OF THE 8TH |
Spokane Indians batting - Pitching for Lowell Spinners : RHP Bryan Paiva
|
Now at 2B: Matt Hinkle
|
|
Now in LF: William Lung
|
|
Now in RF: Eric Evans
|
|
Batting: SHB David Simpson
|
0-0: Foul Ball, location: 2F 0-1: Ball 1-1: Ball 2-1: Fly out, F8 (Flyball, 8RS, EV 84.4 MPH)
|
Batting: RHB Gavin Fimple
|
0-0: Ball 1-0: Ball 2-0: Swinging Strike 2-1: Ground out 6-3 (Groundball, 6, EV 81.2 MPH)
|
Batting: RHB Zi-jing Wang
|
0-0: Called Strike 0-1: Swinging Strike 0-2: Strikes out swinging
|
Top of the 8th over - 0 runs, 0 hits, 0 errors, 0 left on base; Spokane 10 - Lowell 8 |
BOTTOM OF THE 8TH |
Lowell Spinners batting - Pitching for Spokane Indians : RHP Jason Barlow
|
Pitching: RHP Danny Murguia
|
|
Now at 1B: Tony Mendez
|
|
Batting: RHB William Lung
|
0-0: Ball 1-0: Ball 2-0: Foul Ball, location: 2F 2-1: Fly out, F9 (Flyball, 9, EV 92.5 MPH)
|
Batting: LHB Nelis Geurts
|
0-0: Called Strike 0-1: Ground out 5-3 (Groundball, 5, EV 85.0 MPH)
|
Batting: RHB Matt Hinkle
|
0-0: Foul Ball, location: 2F 0-1: Ball 1-1: Called Strike 1-2: Strikes out looking
|
Bottom of the 8th over - 0 runs, 0 hits, 0 errors, 0 left on base; Spokane 10 - Lowell 8 |
TOP OF THE 9TH |
Spokane Indians batting - Pitching for Lowell Spinners : RHP Bryan Paiva
|
Batting: RHB Brandon Davis
|
0-0: Ball 1-0: Ball 2-0: Ball 3-0: Base on Balls
|
Batting: RHB Matt Strong
|
0-0: Ball Brandon Davis steals 2nd base (no throw) 1-0: Ground out 4-3 (Groundball, 4, EV 98.8 MPH) Brandon Davis to third
|
Batting: RHB Justin Aslinger
|
0-0: Ball 1-0: Ball 2-0: Ball 3-0: Called Strike 3-1: Called Strike 3-2: Ground out 4-3 (Groundball, 4, EV 76.9 MPH) Brandon Davis scores
|
Pinch Hitting: LHB Alex Ramos
|
0-0: Ball 1-0: DOUBLE (Line Drive, 5D, EV 106.2 MPH)
|
Pitching: LHP Israel Serrano
|
|
Batting: LHB Ben Radach
|
0-0: Ball 1-0: Reached on error, E4 (Groundball, 4D, EV 80.6 MPH) Alex Ramos to third
|
Pitching: RHP Michel van Kampen
|
|
Batting: RHB Knud Prins
|
0-0: Called Strike 0-1: Foul Ball, location: 2F 0-2: Ball 1-2: Strikes out swinging
|
Top of the 9th over - 1 run, 1 hit, 1 error, 2 left on base; Spokane 11 - Lowell 8 |
BOTTOM OF THE 9TH |
Lowell Spinners batting - Pitching for Spokane Indians : RHP Danny Murguia
|
Now at SS: Jose Guerrero
|
|
Batting: LHB Danny Montoya
|
0-0: Called Strike 0-1: Ball 1-1: Foul Ball, location: 2F 1-2: Strikes out swinging
|
Batting: RHB Billy Ratz
|
0-0: Called Strike 0-1: Foul Ball, location: 2F 0-2: Ball 1-2: Foul Ball, location: 2F 1-2: Ball 2-2: Ball 3-2: Strikes out swinging
|
Batting: RHB Josh Helman
|
0-0: Ball 1-0: Ground out 1-3 (Groundball, 34S, EV 69.4 MPH)
|
Bottom of the 9th over - 0 runs, 0 hits, 0 errors, 0 left on base; Spokane 11 - Lowell 8 |
|